 Dungeon Crawl Stone Soup version 0.29.0-4-gdea44cf6ec (webtiles) character file.

Game seed: 12292673350109872612

277 qw the Chopper (level 6, 0/48 HPs)
             Began as a Barachi Chaos Knight on Sept 4, 2022.
             Was an Initiate of Okawaru.
             Succumbed to a goblin's poison
             ... on level 3 of the Dungeon.
             The game lasted 00:01:21 (2777 turns).

qw the Chopper (Barachi Chaos Knight)               Turns: 2777, Time: 00:01:22

Health: 0/48       AC: 11    Str: 15    XL:     6   Next: 25%
Magic:  6/6        EV:  4    Int: 13    God:    Okawaru [......]
Gold:   177        SH:  0    Dex: 11    Spells: 5/5 levels left

rFire   . . .      SeeInvis +   Y - +1 hand axe (chaos)
rCold   . . .      Faith    .   (no shield)
rNeg    . . .      Spirit   .   d - +0 plate armour
rPois   .          Reflect  .   (no helmet)
rElec   .          Harm     .   (no cloak)
rCorr   .          Rampage  .   (no gloves)
Will    .....                   (no boots)
Stlth   ..........              (no amulet)
HPRegen 0.16/turn               f - ring of see invisible
MPRegen 0.10/turn               (no ring)

@: lethally poisoned (0 -> -1), slow
A: amphibious, slowness 1, strong legs 1, +LOS
a: Hop, Renounce Religion


You were on level 3 of the Dungeon.
You worshipped Okawaru.
Okawaru was noncommittal.
You visited 1 branch of the dungeon, and saw 4 of its levels.

You collected 177 gold pieces.


Innate Abilities, Weirdness & Mutations

You are amphibious.
You cover ground slowly.
You can hop short distances.
You have an extended range of vision and can be seen from far away.


   Skills:
 - Level 4.2 Fighting
 + Level 7.0 Axes
 - Level 3.0 Armour
 - Level 1.1 Dodging


You had 5 spell levels left.
You didn't know any spells.
Your spell library was empty.

Inventory:

Hand Weapons
 h - a +0 mace
 Y - a +1 hand axe of chaos (weapon)
Armour
 d - a +0 plate armour (worn)
Jewellery
 f - a ring of see invisible (left hand)
 k - a ring of fire
Scrolls
 b - 4 scrolls of teleportation
Potions
 e - a potion of degeneration {unknown}
 g - a potion of attraction {unknown}
 j - a potion of ambrosia {unknown}
 m - a potion of magic {unknown}
Miscellaneous
 c - a piece from Xom's chessboard (15/15)

Dungeon Overview and Level Annotations

Branches:
Dungeon (4/15)
 Temple: D:4-7

Altars:
Okawaru


Message History

The adder hisses angrily.
You slash the ufetubus!
You kill the ufetubus!
Okawaru accepts your kill.
You feel sick.
The goblin throws a poisoned dart.
The poisoned dart hits you!
You are more poisoned.
2764 ||| Stepping ~*~*~tactically~*~*~ (hiding).
You feel very sick.
The goblin throws a poisoned dart.
The poisoned dart hits you!
You are more poisoned.
You feel very sick. The goblin hits you but does no damage.
There is a stone staircase leading up here.
2766 ||| STAIRDANCE You feel very sick.
The goblin throws a poisoned dart.
The poisoned dart hits you!
You are lethally poisoned!
You climb upwards.
You feel very sick.
There is a stone staircase leading down here.
There is a lethal amount of poison in your body!
You feel very sick.
There is a lethal amount of poison in your body!
You feel sick.
There is a lethal amount of poison in your body!
You feel sick.
There is a lethal amount of poison in your body!
You feel sick.
There is a lethal amount of poison in your body!
You feel sick.
There is a lethal amount of poison in your body!
You feel sick.
There is a lethal amount of poison in your body!
You feel sick.
There is a lethal amount of poison in your body!
You feel sick.
There is a lethal amount of poison in your body!
You feel sick.
There is a lethal amount of poison in your body!
You die...

#####.....######...#
#.......+#.....#.#.#
#.......+......#.###
#.......##...#.#....
#.....>.####.#######
#.......+..........#
#.......#####.####.#
###.................
#@................
#.#.......####.#..
#.#.#####.####.#..
###<##.......#.#..
#####.......#.##.
#...........#....
#.##........#####
#.###.......#
#.........### #


There were no monsters in sight!

Vanquished Creatures
  A centaur (D:4)
  A quasit (D:4)
  A hound (D:3)
  2 gnolls
  3 adders (D:2)
  An ufetubus (D:4)
  A worm (D:2)
  2 dart slugs
  An orc (D:3)
  4 ball pythons
  3 bats
  4 endoplasms
  5 giant cockroaches
  4 goblins
  7 hobgoblins
  10 jackals
  5 quokkas
  3 frilled lizards
  3 kobolds
  4 rats
65 creatures vanquished.

Vanquished Creatures (others)
  3 demonic plants (D:4)
  2 fungi (D:1)
  5 plants (D:1)
10 creatures vanquished.

Grand Total: 75 creatures vanquished

Notes
Turn   | Place    | Note
-------+----------+-------------------------------------------
     0 | D:1      | qw the Barachi Chaos Knight began the quest for the Orb.
     0 | D:1      | Reached XP level 1. HP: 18/18 MP: 1/1
     0 | D:1      | 0 ||| qw: Version: 0.1-a-102-g441f92d
     0 | D:1      | 0 ||| qw: Game counter: 5326
     0 | D:1      | 0 ||| qw: Always use a shield: true
     0 | D:1      | 0 ||| qw: God list: Okawaru
     0 | D:1      | 0 ||| qw: Allow faded altars: false
     0 | D:1      | 0 ||| qw: Do Orc after D:15 true
     0 | D:1      | 0 ||| qw: Do second Lair branch before Depths: true
     0 | D:1      | 0 ||| qw: Lair rune preference: random
     0 | D:1      | 0 ||| qw: Plans: Normal
     0 | D:1      | 0 ||| PLANNING D:1-11
     0 | D:1      | Fell from the grace of Xom
    34 | D:1      | 34 ||| Stepping ~*~*~tactically~*~*~ (stealth).
    35 | D:1      | 35 ||| Stepping ~*~*~tactically~*~*~ (stealth).
    40 | D:1      | 40 ||| Stepping ~*~*~tactically~*~*~ (stealth).
    78 | D:1      | Reached XP level 2. HP: 20/24 MP: 2/2
    83 | D:1      | Reached skill level 4 in Axes
   319 | D:1      | Found a faded altar of an unknown god.
   404 | D:1      | 404 ||| Stepping ~*~*~tactically~*~*~ (stealth).
   502 | D:1      | Reached XP level 3. HP: 28/29 MP: 3/3
   703 | D:1      | 703 ||| UPGRADING to +0 plate armour.
   713 | D:1      | 713 ||| DROPPING +2 leather armour.
   714 | D:1      | 714 ||| READING scroll labelled MIYBLO REDOQE.
   715 | D:1      | 715 ||| READING scroll labelled DOCVOA BETAWKOUDO.
   716 | D:1      | 716 ||| READING scroll labelled RAXYINTUCHO.
   717 | D:1      | 717 ||| READING scroll labelled EMUISY ZEIZOMYTO.
   718 | D:1      | 718 ||| READING scroll labelled HAMAOXT BEWY.
   719 | D:1      | 719 ||| READING scroll labelled JIZXOM EHIL.
   778 | D:2      | 778 ||| Stepping ~*~*~tactically~*~*~ (stealth).
   780 | D:2      | 780 ||| Stepping ~*~*~tactically~*~*~ (stealth).
   782 | D:2      | 782 ||| Stepping ~*~*~tactically~*~*~ (stealth).
   787 | D:2      | 787 ||| Stepping ~*~*~tactically~*~*~ (stealth).
   788 | D:2      | 788 ||| Stepping ~*~*~tactically~*~*~ (stealth).
   789 | D:2      | 789 ||| Stepping ~*~*~tactically~*~*~ (stealth).
   816 | D:2      | 816 ||| FLEEEEING.
   817 | D:2      | 817 ||| FLEEEEING.
   818 | D:2      | 818 ||| FLEEEEING.
   819 | D:2      | 819 ||| FLEEEEING.
   820 | D:2      | 820 ||| FLEEEEING.
   821 | D:2      | 821 ||| FLEEEEING.
   822 | D:2      | 822 ||| FLEEEEING.
   823 | D:2      | 823 ||| FLEEEEING.
   824 | D:2      | 824 ||| FLEEEEING.
   827 | D:2      | Reached skill level 5 in Axes
  1063 | D:2      | 1063 ||| Stepping ~*~*~tactically~*~*~ (stealth).
  1072 | D:2      | Reached XP level 4. HP: 36/36 MP: 4/4
  1361 | D:2      | 1361 ||| UPGRADING to ring of see invisible.
  1362 | D:2      | 1362 ||| READING 3 scrolls labelled ICUID HENOIG.
  1363 | D:2      | 1363 ||| READING 2 scrolls labelled UKHLUPH ZUSCHIF.
  1367 | D:2      | 1367 ||| READING scroll labelled TUTHUO HAYN.
  1368 | D:2      | 1368 ||| DRINKING 3 bubbling pink potions.
  1369 | D:2      | 1369 ||| DRINKING 2 silvery potions.
  1370 | D:2      | 1370 ||| DROPPING 2 scrolls of fog.
  1371 | D:2      | 1371 ||| DROPPING 2 potions of brilliance.
  1372 | D:2      | 1372 ||| DROPPING potion of flight.
  1398 | D:3      | XOM: noise
  1411 | D:3      | 1411 ||| Stepping ~*~*~tactically~*~*~ (stealth).
  1416 | D:3      | 1416 ||| FLEEEEING.
  1420 | D:3      | 1420 ||| FLEEEEING.
  1421 | D:3      | 1421 ||| STAIRDANCE
  1517 | D:3      | 1517 ||| DROPPING +0 club.
  1532 | D:3      | 1532 ||| Stepping ~*~*~tactically~*~*~ (hiding).
  1533 | D:3      | 1533 ||| Stepping ~*~*~tactically~*~*~ (hiding).
  1534 | D:3      | 1534 ||| Stepping ~*~*~tactically~*~*~ (hiding).
  1536 | D:3      | 1536 ||| Stepping ~*~*~tactically~*~*~ (stealth).
  1587 | D:3      | 1587 ||| Stepping ~*~*~tactically~*~*~ (stealth).
  1588 | D:3      | 1588 ||| Stepping ~*~*~tactically~*~*~ (stealth).
  1589 | D:3      | 1589 ||| Stepping ~*~*~tactically~*~*~ (stealth).
  1603 | D:3      | Reached skill level 6 in Axes
  1603 | D:3      | Reached XP level 5. HP: 25/41 MP: 5/5
  1605 | D:3      | 1605 ||| FLEEEEING.
  1606 | D:3      | 1606 ||| FLEEEEING.
  1896 | D:3      | Found an iron altar of Okawaru.
  1915 | D:3      | Became a worshipper of Warmaster Okawaru
  2080 | D:3      | XOM: polymorph ball python -> gnoll
  2085 | D:3      | Reached skill level 3 in Armour
  2200 | D:3      | XOM: draining
  2352 | D:3      | 2352 ||| READING scroll labelled COXZILU QUSOO.
  2427 | D:4      | 2427 ||| Stepping ~*~*~tactically~*~*~ (stealth).
  2495 | D:4      | Noticed a centaur
  2495 | D:4      | an iguana changed into a centaur
  2500 | D:4      | Killed a centaur
  2501 | D:4      | Reached XP level 6. HP: 22/48 MP: 6/6
  2578 | D:4      | 2578 ||| Stepping ~*~*~tactically~*~*~ (stealth).
  2579 | D:4      | 2579 ||| FLEEEEING.
  2582 | D:4      | 2582 ||| FLEEEEING.
  2583 | D:4      | 2583 ||| STAIRDANCE
  2662 | D:4      | 2662 ||| Stepping ~*~*~tactically~*~*~ (hiding).
  2697 | D:4      | 2697 ||| Stepping ~*~*~tactically~*~*~ (stealth).
  2700 | D:4      | 2700 ||| FLEEEEING.
  2701 | D:4      | 2701 ||| FLEEEEING.
  2702 | D:4      | 2702 ||| FLEEEEING.
  2712 | D:4      | Reached skill level 7 in Axes
  2758 | D:4      | 2758 ||| Stepping ~*~*~tactically~*~*~ (stealth).
  2759 | D:4      | 2759 ||| Stepping ~*~*~tactically~*~*~ (hiding).
  2764 | D:4      | 2764 ||| Stepping ~*~*~tactically~*~*~ (hiding).
  2766 | D:4      | 2766 ||| STAIRDANCE
  2768 | D:3      | HP: 11/48 [poisoned by a goblin]
  2771 | D:3      | HP: 5/48 [poisoned by a goblin]
  2775 | D:3      | HP: 2/48 [poisoned by a goblin]
  2777 | D:3      | Succumbed to a goblin's poison

Levels and vault maps discovered:
D:1:      dpeg_arrival_ternary, layout_rooms,
          shapermc_ecumenical_altar_mp_ritualfount, grunt_decor_fettered,
          minmay_tetromino_t2
D:2:      layout_rooms, nrook_mini_vaults, serial_bayou_pond_a,
          chequers_mini_garden, kennysheep_generic_room_8
D:3:      kennysheep_big_flooded_room, layout_basic, okawaru_metal_pillars_3
D:4:      layout_loops_ring, nemelex_spade_bored_becter, kennysheep_mini_moat,
          minmay_temple_entry_ruins, serial_demonic, serial_demonic_d,
          serial_demonic_e, serial_demonic_f, serial_demonic_f

Skill      XL: |  1  2  3  4  5  6 |
---------------+-------------------+-----
Axes           | 4 5 6 7 |  7.0
Armour         | 3 |  3.0
Fighting       | 4 |  4.2
Dodging        | |  1.1

Action                   |  1- 3 |  4- 6 || total
-------------------------+-------+-------++-------
Melee: Hand axe          |    80 |   105 ||   185
       Punch             |     1 |     2 ||     3
Throw: Boomerang         |       |    38 ||    38
Invok: Renounce Religion |     1 |       ||     1
  Use: Scroll            |     6 |     4 ||    10
       Potion            |       |     2 ||     2
 Stab: Paralysed         |       |     4 ||     4
Armor: Leather armour    |    26 |       ||    26
       Plate armour      |     2 |    99 ||   101
Dodge: Dodged            |    51 |    32 ||    83

Table legend:
 A = Non-vault XP
 B = Vault XP
 C = Vault XP percentage of total XP
 D = Non-vault monster count
 E = Vault monster count
 F = Vault count percentage of total count
                 A         B        C        D         E       F
            +---------+---------+-------+---------+---------+-------
      Total |     322 |      74 |  18.7 |      59 |       7 |  10.6
            +---------+---------+-------+---------+---------+-------
        D:1 |      38 |       4 |   9.5 |      20 |       2 |   9.1
        D:2 |      50 |      13 |  20.6 |      12 |       1 |   7.7
        D:3 |      93 |       3 |   3.1 |      22 |       2 |   8.3
        D:4 |     141 |      54 |  27.7 |       5 |       2 |  28.6
            +---------+---------+-------+---------+---------+-------
